Workbook

Sheet NET WORTH Instructions
D4: NET WORTH STATEMENT INSTRUCTIONS
C7: 1 | D7: Using proper Excel technique, refernce the items and the appropriate values on the
D8: data page and complete the Statement of Net Worth
C10: 2 | D10: List the liquid assets in order of liquidity
C12: 3 | D12: List the current liabilities in order of payment due
C14: 4 | D14: Cell refereance cells G37,G39 and G41 to calculate Net Worth

Sheet NET WORTH DATA
C3: NICK AND TESSIA PAPADOPOULOS
A5: Items/Accounts listed Alphabetically | C5: Estimated
C6: Market Values | E6: Additional Details/Information on Items/Accounts
B7: Automobile 1 | C7: 9000 | E7: 37000 | F7: Cost
B8: Automobile 1 Loan | C8: 3000 | E8: 2520 | F8: Due within one year
B9: Automobile 2 | C9: 3000 | E9: 24000 | F9: Cost
B10: Bonds | C10: 1000 | F10: Maturing in 3 years
B11: Cash | C11: 340
B12: Chequing Account | C12: 250
B13: Collectibles | C13: 3000
B14: College Loans | C14: 4000 | E14: 2160 | F14: Due within one year
B15: Company Pension Commuted Value | C15: 8000
B16: Current Unpaid Bills | C16: 350
B17: First Mortgage | C17: 105000 | E17: 7800 | F17: Due within one year
B18: Furniture | C18: 8000
B19: Home Equity Loan | C19: 9000 | F19: Only interest payments required
B20: Money Market Funds | C20: 1500
B21: Mutual Funds | C21: 5600 | F21: DSC fees to cash in
B22: Primary Residence -Market Value | C22: 245000 | E22: 190000 | F22: Cost
B23: RRSP's | C23: 10500
B24: Savings | C24: 1500 | F24: All Liquid
B25: Second Home Mortgage | C25: 52000 | E25: 2400 | F25: Due within next 12 mos.
B26: Stocks | C26: 8500 | E26: 5000 | F26: Available after Commissions are paid
B27: Time-Share | C27: 85000 | E27: 60000 | F27: Cost
B28: Visa Credit Card | C28: 1150 | F28: Current Balance owing

Sheet NET WORTH
C2: NICK AND TESSIA PAPADOPOULOS
C3: STATEMENT OF NET WORTH
A6: ASSETS | E6: LIABILITIES
A7: WHAT YOU OWN | E7: WHAT YOU OWE
A9: Liquid assets | E9: Current Liabilities
A10: Cash | C10: ='NET WORTH DATA'!C11 -> 340 | E10: ='NET WORTH DATA'!B28 -> Visa Credit Card | G10: ='NET WORTH DATA'!C28 -> 1150
A11: Chequing Account | C11: ='NET WORTH DATA'!C12 -> 250 | E11: ='NET WORTH DATA'!B16 -> Current Unpaid Bills | G11: ='NET WORTH DATA'!C16 -> 350
A12: ='NET WORTH DATA'!B24 -> Savings | C12: ='NET WORTH DATA'!C24 -> 1500 | E12: ='NET WORTH DATA'!B8 -> Automobile 1 Loan | G12: ='NET WORTH DATA'!E8 -> 2520
A13: ='NET WORTH DATA'!B20 -> Money Market Funds | C13: ='NET WORTH DATA'!C20 -> 1500 | E13: ='NET WORTH DATA'!B14 -> College Loans | G13: ='NET WORTH DATA'!E14 -> 2160
E14: ='NET WORTH DATA'!B17 -> First Mortgage | G14: ='NET WORTH DATA'!E17 -> 7800
E15: ='NET WORTH DATA'!B25 -> Second Home Mortgage | G15: ='NET WORTH DATA'!E25 -> 2400
A19: Total Liquid Assets | C19: =SUM(C10:C18) -> 3590
A20: Household Assets | E20: Total Current liabilities | G20: =SUM(G10:G19) -> 16380
A21: ='NET WORTH DATA'!B7 -> Automobile 1 | C21: ='NET WORTH DATA'!C7 -> 9000 | E21: Long-Term Liabilities
A22: ='NET WORTH DATA'!B9 -> Automobile 2 | C22: ='NET WORTH DATA'!C9 -> 3000 | E22: ='NET WORTH DATA'!B8 -> Automobile 1 Loan | G22: ='NET WORTH DATA'!C8-'NET WORTH DATA'!E8 -> 480
A23: ='NET WORTH DATA'!B22 -> Primary Residence -Market Value | C23: ='NET WORTH DATA'!C22 -> 245000 | E23: ='NET WORTH DATA'!B14 -> College Loans | G23: ='NET WORTH DATA'!C14-'NET WORTH DATA'!E14 -> 1840
A24: ='NET WORTH DATA'!B18 -> Furniture | C24: ='NET WORTH DATA'!C18 -> 8000 | E24: ='NET WORTH DATA'!B19 -> Home Equity Loan | G24: ='NET WORTH DATA'!C19 -> 9000
E25: ='NET WORTH DATA'!B17 -> First Mortgage | G25: ='NET WORTH DATA'!C17-'NET WORTH DATA'!E17 -> 97200
E26: ='NET WORTH DATA'!B25 -> Second Home Mortgage | G26: ='NET WORTH DATA'!C25-'NET WORTH DATA'!E25 -> 49600
A29: Total household Assets | C29: =SUM(C21:C28) -> 265000 | E29: Total long-Term Liabilities | G29: =SUM(G22:G28) -> 158120
A30: Investment Assets | E30: TOTAL B | G30: =G20+G29 -> 174500
A31: ='NET WORTH DATA'!B10 -> Bonds | C31: ='NET WORTH DATA'!C10 -> 1000
A32: ='NET WORTH DATA'!B21 -> Mutual Funds | C32: ='NET WORTH DATA'!C21 -> 5600
A33: ='NET WORTH DATA'!B27 -> Time-Share | C33: ='NET WORTH DATA'!C27 -> 85000
A34: ='NET WORTH DATA'!B23 -> RRSP's | C34: ='NET WORTH DATA'!C23 -> 10500
A35: ='NET WORTH DATA'!B26 -> Stocks | C35: ='NET WORTH DATA'!E26 -> 5000
A36: ='NET WORTH DATA'!B13 -> Collectibles | C36: ='NET WORTH DATA'!C13 -> 3000 | E36: TOTAL A | G36: =C40 -> 386690
A37: ='NET WORTH DATA'!B15 -> Company Pension Commuted Value | C37: ='NET WORTH DATA'!C15 -> 8000
E38: TOTAL B | G38: =G30 -> 174500
A39: Total Investment Assets | C39: =SUM(C31:C38) -> 118100
A40: TOTAL A | C40: =C19+C29+C39 -> 386690 | E40: NET WORTH (A-B) | G40: =G36-G38 -> 212190

Sheet BUDGET Instructions
B2: Instructions for Completing the Budget
C3: SAVE YOUR WORK OFTEN
B5: 1 | C5: For amounts that are consistent each month...From the Budget page, enter = in the field you want to fill,
C6: click on the value on the data page, then F4 for absolute value, ENTER
C7: Repeat process for all intial values for January and/or the month of expenditure
B9: 2 | C9: On the budget page, select the first value in January and by holding the little box
C10: on the bottom right on the cell, drag to December ONLY, DO NOT DRAG TO TOTAL
C11: Repeat process until all values are filled in for the entire year. (Jan-Dec)
B13: 3 | C13: Enter the non-recurring or unique expenses in the months in which they occur, according to the instructions
B15: 4 | C15: Verify that N74 and O74 are equal. This confirms your budget captures all data
B17: 5 | C17: Examine line 74, if this is less than $1,000, borrow enough from emergency savings
C18: to have $1,000. Enter the amount on line 72, Enter negative to repay to emergency account when excess funds occur
C19: and repay only what you borrow from emergency account.
B21: 6 | C21: SAVE YOUR WORK OFTEN
B23: 7 | C23: Verify the total amount borrowed from emergency savings for the entire year O72,
C24: This amount will be posted on BB before the due date
B26: 8 | C26: Class Attendance (with this completed exercise in Excel format, and your laptop) is mandatory for the next class in order to be eligible for the marks (5%) allocated to this assignment.
B28: 9 | C28: SAVE YOUR WORK OFTEN

Sheet BUDGET DATA
D2: Nick and Tessia Papadopoulos's Personal Income and Expenditures
A4: INCOME
B5: Nick | D5: 2200 | E5: Net Monthly
B6: Tessia | D6: 2300 | E6: Net Monthly
A8: EXPENDITURES
B10: Home Costs:
C11: Mortgage Payments | D11: 650 | E11: per mo.
C12: 2nd Mortgage | D12: 200 | E12: per mo.
C13: Utilities | D13: 125 | E13: per mo.
C14: Maintenance | D14: 75 | E14: per mo.
C15: Property Taxes | D15: 1800 | E15: Paid in both March and June
C16: Cable | D16: 55 | E16: per mo.
C17: Telephone | D17: 45 | E17: per mo.
C18: Capital Purchases | D18: 900 | E18: Planning to replace Washer/Dryer in November
C19: Insurance | D19: 50 | E19: per mo.
B20: Food:
C21: Groceries | D21: 600 | E21: per mo.
C22: Restaurant Expenses | D22: 160 | E22: per mo.
B24: Clothing and Personal Care:
C25: Clothing - Nick | D25: 400 | E25: Nick likes to shop in both May and September
C26: Clothing - Tessia | D26: 150 | E26: per mo.
C27: Hair Care - Nick | D27: 20 | E27: first month of each Qtr.
C28: Hair Care - Tessia | D28: 80 | E28: first month of each Qtr.
C29: Persoal care and Toiletries | D29: 145 | E29: per mo.
B31: Vehicle:
C32: Loan Payments | D32: 210 | E32: per mo.
C33: Gas | D33: 135 | E33: per mo.
C34: Maintenance | D34: 225 | E34: Tessia has the vehicle serviced in both March and Oct.
C35: Parking | D35: 60 | E35: per mo.
C36: Insurance | D36: 80 | E36: per mo.
B38: Recreation:
C39: Movies, Sporting Events | D39: 75 | E39: per mo.
C40: Club Memberships | D40: 350 | E40: Tessia pays for her fitness club memership annually in August
C41: Vacation | D41: 2000 | E41: Nick and Tes are planning to go East in July
C42: Gifts | D42: 400 | E42: Nick's Birthday is in May, Tessia's is in November
C43: Christmas Shopping | D43: 1300 | E43: Total Amount of Christmas shopping in December
C44: Newspapers, Books | D44: 90 | E44: per mo.
B46: Medical:
C47: Dental | D47: 240 | E47: 50% paid by Insurance Company, check ups in Jan/July
C48: Prescriptions | D48: 40 | E48: per mo. | F48: 80% paid by Insurance Company
B50: Other:
C51: RRSP Contributions | D51: 200 | E51: per mo.
C52: Life Insurance | D52: 54 | E52: per mo.
C53: Student Loan Payments | D53: 180 | E53: per mo.
B55: Additional Information:
C56: Cash Balance Jan 01 | E56: 5000
C57: Minimum desired Cash Balance | E57: 1000
B59: Nick and Tessia have a $6,000 money market mutual fund at the bank for emergency purposes that cannot be used to finance either of the following expenditures
B60: Nick and Tessia need your help to determine if they can afford the following expenditures during the coming
B61: year listed in order of priority
B63: 1. RRSP Nick would like to contribute $6,000 the Tessia'a RSP in February, This will generate a tax refund
B64: of 20% in April | D64: RSP | F64: 6000
D65: Marginal Tax Rate | F65: 0.2
B66: 2. Finish their basement, the total estimate is $9,000, Terms of payment require $1,500 non-refundable payment in May
B67: with the balance payable in equal installments in Oct, Nov, Dec
D68: Down Payment | F68: 1500
D69: Montlhy installments | F69: 2500
B70: Can Nick and Tessia afford both of these expenditures in the coming year.?
B71: REQUIRED;
B72: Using the template provided on the Budget page, complete the cash budget for the year and determine if Nick and Tessia can afford both expenditures

Sheet Budget
E1: NICK AND TESSIA PAPADOPOULOS'S MONTHLY CASH BUDGET
C3: January | D3: February | E3: March | F3: April | G3: May | H3: June | I3: July | J3: August | K3: September | L3: October | M3: November | N3: December | O3: TOTAL
A5: CASH, BEGINNING OF MONTH | C5: ='BUDGET DATA'!E56 -> 5000 | D5: =C73 -> 5933 | E5: =D73 -> 7086 | F5: =E73 -> 6214 | G5: =F73 -> 7267 | H5: =G73 -> 7620 | I5: =H73 -> 6973 | J5: =I73 -> 5906 | K5: =J73 -> 6709 | ... N5: =M73 -> 8143 | O5: =C5 -> 5000
O6: =SUM(C6:N6) -> 0
A7: CASH INFLOWS: | O7: =SUM(C7:N7) -> 0
A8: Income - Nick | C8: ='BUDGET DATA'!D5 -> 2200 | D8: ='BUDGET DATA'!D5 -> 2200 | E8: =D8 -> 2200 | F8: =E8 -> 2200 | G8: =F8 -> 2200 | H8: =G8 -> 2200 | I8: =H8 -> 2200 | J8: =I8 -> 2200 | K8: =J8 -> 2200 | L8: =K8 -> 2200 | ... N8: =M8 -> 2200 | O8: =SUM(C8:N8) -> 26400
A9: Income - Tessia | C9: ='BUDGET DATA'!D6 -> 2300 | D9: ='BUDGET DATA'!D6 -> 2300 | E9: =D9 -> 2300 | F9: =E9 -> 2300 | G9: =F9 -> 2300 | H9: =G9 -> 2300 | I9: =H9 -> 2300 | J9: =I9 -> 2300 | K9: =J9 -> 2300 | L9: =K9 -> 2300 | ... N9: =M9 -> 2300 | O9: =SUM(C9:N9) -> 27600
A10: Tax Refund | O10: =SUM(C10:N10) -> 0
O11: =SUM(C11:N11) -> 0
A12: TOTAL CASH AVAILABLE | C12: =SUM(C5:C11) -> 9500 | D12: =SUM(D5:D11) -> 10433 | E12: =SUM(E5:E11) -> 11586 | F12: =SUM(F5:F11) -> 10714 | G12: =SUM(G5:G11) -> 11767 | H12: =SUM(H5:H11) -> 12120 | I12: =SUM(I5:I11) -> 11473 | J12: =SUM(J5:J11) -> 10406 | ... O12: =SUM(O5:O11) -> 59000
A14: CASH OUTFLOWS:
A16: Home Costs:
A17: Mortgage Payments | C17: ='BUDGET DATA'!D11+'BUDGET DATA'!D12 -> 850 | D17: =C17 -> 850 | E17: =D17 -> 850 | F17: =E17 -> 850 | G17: =F17 -> 850 | H17: =G17 -> 850 | I17: =H17 -> 850 | J17: =I17 -> 850 | K17: =J17 -> 850 | ... N17: =M17 -> 850 | O17: =SUM(C17:N17) -> 10200
A18: Utilities | C18: ='BUDGET DATA'!D13 -> 125 | D18: =C18 -> 125 | E18: =D18 -> 125 | F18: =E18 -> 125 | G18: =F18 -> 125 | H18: =G18 -> 125 | I18: =H18 -> 125 | J18: =I18 -> 125 | K18: =J18 -> 125 | ... N18: =M18 -> 125 | O18: =SUM(C18:N18) -> 1500
A19: Maintenance | C19: ='BUDGET DATA'!D14 -> 75 | D19: =C19 -> 75 | E19: =D19 -> 75 | F19: =E19 -> 75 | G19: =F19 -> 75 | H19: =G19 -> 75 | I19: =H19 -> 75 | J19: =I19 -> 75 | K19: =J19 -> 75 | ... N19: =M19 -> 75 | O19: =SUM(C19:N19) -> 900
A20: Property Taxes | E20: ='BUDGET DATA'!D15 -> 1800 | H20: ='BUDGET DATA'!D15 -> 1800 | O20: =SUM(C20:N20) -> 3600
A21: Cable | C21: ='BUDGET DATA'!D16 -> 55 | D21: =C21 -> 55 | E21: =D21 -> 55 | F21: =E21 -> 55 | G21: =F21 -> 55 | H21: =G21 -> 55 | I21: =H21 -> 55 | J21: =I21 -> 55 | K21: =J21 -> 55 | ... N21: =M21 -> 55 | O21: =SUM(C21:N21) -> 660
A22: Telephone | C22: ='BUDGET DATA'!D17 -> 45 | D22: =C22 -> 45 | E22: =D22 -> 45 | F22: =E22 -> 45 | G22: =F22 -> 45 | H22: =G22 -> 45 | I22: =H22 -> 45 | J22: =I22 -> 45 | K22: =J22 -> 45 | ... N22: =M22 -> 45 | O22: =SUM(C22:N22) -> 540
A23: Capital Purchases | M23: ='BUDGET DATA'!D18 -> 900 | O23: =SUM(C23:N23) -> 900
A24: Insurance | C24: ='BUDGET DATA'!D19 -> 50 | D24: =C24 -> 50 | E24: =D24 -> 50 | F24: =E24 -> 50 | G24: =F24 -> 50 | H24: =G24 -> 50 | I24: =H24 -> 50 | J24: =I24 -> 50 | K24: =J24 -> 50 | ... N24: =M24 -> 50 | O24: =SUM(C24:N24) -> 600
O25: =SUM(C25:N25) -> 0
A26: Food: Costs: | O26: =SUM(C26:N26) -> 0
A27: Groceries | C27: ='BUDGET DATA'!D21 -> 600 | D27: =C27 -> 600 | E27: =D27 -> 600 | F27: =E27 -> 600 | G27: =F27 -> 600 | H27: =G27 -> 600 | I27: =H27 -> 600 | J27: =I27 -> 600 | K27: =J27 -> 600 | ... N27: =M27 -> 600 | O27: =SUM(C27:N27) -> 7200
A28: Restaurant Expenses | C28: ='BUDGET DATA'!D22 -> 160 | D28: =C28 -> 160 | E28: =D28 -> 160 | F28: =E28 -> 160 | G28: =F28 -> 160 | H28: =G28 -> 160 | I28: =H28 -> 160 | J28: =I28 -> 160 | K28: =J28 -> 160 | ... N28: =M28 -> 160 | O28: =SUM(C28:N28) -> 1920
O29: =SUM(C29:N29) -> 0
A30: Clothing and Personal Care: | O30: =SUM(C30:N30) -> 0
A31: Clothing - Nick | G31: ='BUDGET DATA'!D25 -> 400 | K31: =G31 -> 400 | O31: =SUM(C31:N31) -> 800
A32: Clothing - Tessia | C32: ='BUDGET DATA'!D26 -> 150 | D32: =C32 -> 150 | E32: =D32 -> 150 | F32: =E32 -> 150 | G32: =F32 -> 150 | H32: =G32 -> 150 | I32: =H32 -> 150 | J32: =I32 -> 150 | K32: =J32 -> 150 | ... N32: =M32 -> 150 | O32: =SUM(C32:N32) -> 1800
A33: Hair Care - Nick | C33: ='BUDGET DATA'!D27 -> 20 | F33: =C33 -> 20 | I33: =F33 -> 20 | L33: =I33 -> 20 | O33: =SUM(C33:N33) -> 80
A34: Hair Care - Tessia | C34: ='BUDGET DATA'!D28 -> 80 | F34: =C34 -> 80 | I34: =F34 -> 80 | L34: =I34 -> 80 | O34: =SUM(C34:N34) -> 320
A35: Personal care and Toiletries | C35: ='BUDGET DATA'!D29 -> 145 | D35: =C35 -> 145 | E35: =D35 -> 145 | F35: =E35 -> 145 | G35: =F35 -> 145 | H35: =G35 -> 145 | I35: =H35 -> 145 | J35: =I35 -> 145 | K35: =J35 -> 145 | ... N35: =M35 -> 145 | O35: =SUM(C35:N35) -> 1740
O36: =SUM(C36:N36) -> 0
A37: Vehicle: | O37: =SUM(C37:N37) -> 0
A38: Loan Payments | C38: ='BUDGET DATA'!D32 -> 210 | D38: =C38 -> 210 | E38: =D38 -> 210 | F38: =E38 -> 210 | G38: =F38 -> 210 | H38: =G38 -> 210 | I38: =H38 -> 210 | J38: =I38 -> 210 | K38: =J38 -> 210 | ... N38: =M38 -> 210 | O38: =SUM(C38:N38) -> 2520
A39: Gas | C39: ='BUDGET DATA'!D33 -> 135 | D39: =C39 -> 135 | E39: =D39 -> 135 | F39: =E39 -> 135 | G39: =F39 -> 135 | H39: =G39 -> 135 | I39: =H39 -> 135 | J39: =I39 -> 135 | K39: =J39 -> 135 | ... N39: =M39 -> 135 | O39: =SUM(C39:N39) -> 1620
A40: Maintenance | E40: ='BUDGET DATA'!D34 -> 225 | L40: ='BUDGET DATA'!D34 -> 225 | O40: =SUM(C40:N40) -> 450
A41: Parking | C41: ='BUDGET DATA'!D35 -> 60 | D41: =C41 -> 60 | E41: =D41 -> 60 | F41: =E41 -> 60 | G41: =F41 -> 60 | H41: =G41 -> 60 | I41: =H41 -> 60 | J41: =I41 -> 60 | K41: =J41 -> 60 | ... N41: =M41 -> 60 | O41: =SUM(C41:N41) -> 720
A42: Insurance | C42: ='BUDGET DATA'!D36 -> 80 | D42: =C42 -> 80 | E42: =D42 -> 80 | F42: =E42 -> 80 | G42: =F42 -> 80 | H42: =G42 -> 80 | I42: =H42 -> 80 | J42: =I42 -> 80 | K42: =J42 -> 80 | ... N42: =M42 -> 80 | O42: =SUM(C42:N42) -> 960
O43: =SUM(C43:N43) -> 0
A44: Recreation: | O44: =SUM(C44:N44) -> 0
A45: Movies, Sporting Events | C45: ='BUDGET DATA'!D39 -> 75 | D45: =C45 -> 75 | E45: =D45 -> 75 | F45: =E45 -> 75 | G45: =F45 -> 75 | H45: =G45 -> 75 | I45: =H45 -> 75 | J45: =I45 -> 75 | K45: =J45 -> 75 | ... N45: =M45 -> 75 | O45: =SUM(C45:N45) -> 900
A46: Club Memberships | J46: ='BUDGET DATA'!D40 -> 350 | O46: =SUM(C46:N46) -> 350
A47: Vacation | I47: ='BUDGET DATA'!D41 -> 2000 | O47: =SUM(C47:N47) -> 2000
A48: Gifts | G48: ='BUDGET DATA'!D42 -> 400 | M48: ='BUDGET DATA'!D42 -> 400 | O48: =SUM(C48:N48) -> 800
A49: Christmas Shopping | N49: ='BUDGET DATA'!D43 -> 1300 | O49: =SUM(C49:N49) -> 1300
A50: Newspapers, Books | C50: ='BUDGET DATA'!D44 -> 90 | D50: =C50 -> 90 | E50: =D50 -> 90 | F50: =E50 -> 90 | G50: =F50 -> 90 | H50: =G50 -> 90 | I50: =H50 -> 90 | J50: =I50 -> 90 | K50: =J50 -> 90 | ... N50: =M50 -> 90 | O50: =SUM(C50:N50) -> 1080
O51: =SUM(C51:N51) -> 0
A52: Medical: | O52: =SUM(C52:N52) -> 0
A53: Dental | C53: ='BUDGET DATA'!D47*0.5 -> 120 | I53: ='BUDGET DATA'!D47*0.5 -> 120 | O53: =SUM(C53:N53) -> 240
A54: Prescriptions | C54: ='BUDGET DATA'!D48*0.2 -> 8 | D54: =C54 -> 8 | E54: =D54 -> 8 | F54: =E54 -> 8 | G54: =F54 -> 8 | H54: =G54 -> 8 | I54: =H54 -> 8 | J54: =I54 -> 8 | K54: =J54 -> 8 | ... N54: =M54 -> 8 | O54: =SUM(C54:N54) -> 96
O55: =SUM(C55:N55) -> 0
A56: Other: | O56: =SUM(C56:N56) -> 0
A57: RRSP Contributions | C57: ='BUDGET DATA'!D51 -> 200 | D57: =C57 -> 200 | E57: =D57 -> 200 | F57: =E57 -> 200 | G57: =F57 -> 200 | H57: =G57 -> 200 | I57: =H57 -> 200 | J57: =I57 -> 200 | K57: =J57 -> 200 | ... N57: =M57 -> 200 | O57: =SUM(C57:N57) -> 2400
A58: Life Insurance | C58: ='BUDGET DATA'!D52 -> 54 | D58: =C58 -> 54 | E58: =D58 -> 54 | F58: =E58 -> 54 | G58: =F58 -> 54 | H58: =G58 -> 54 | I58: =H58 -> 54 | J58: =I58 -> 54 | K58: =J58 -> 54 | ... N58: =M58 -> 54 | O58: =SUM(C58:N58) -> 648
A59: Student Loan Payments | C59: ='BUDGET DATA'!D53 -> 180 | D59: =C59 -> 180 | E59: =D59 -> 180 | F59: =E59 -> 180 | G59: =F59 -> 180 | H59: =G59 -> 180 | I59: =H59 -> 180 | J59: =I59 -> 180 | K59: =J59 -> 180 | ... N59: =M59 -> 180 | O59: =SUM(C59:N59) -> 2160
O60: =SUM(C60:N60) -> 0
O61: =SUM(C61:N61) -> 0
A62: Optional Expenditures: | O62: =SUM(C62:N62) -> 0
A63: RRSP Contribution | O63: =SUM(C63:N63) -> 0
A64: Basement Completion | O64: =SUM(C64:N64) -> 0
O65: =SUM(C65:N65) -> 0
O66: =SUM(C66:N66) -> 0
O67: =SUM(C67:N67) -> 0
A68: TOTAL CASH OUTFLOWS | C68: =SUM(C17:C67) -> 3567 | D68: =SUM(D17:D67) -> 3347 | E68: =SUM(E17:E67) -> 5372 | F68: =SUM(F17:F67) -> 3447 | G68: =SUM(G17:G67) -> 4147 | H68: =SUM(H17:H67) -> 5147 | I68: =SUM(I17:I67) -> 5567 | J68: =SUM(J17:J67) -> 3697 | ... O68: =SUM(O17:O67) -> 51004
A70: NET CASH FLOWS | C70: =C12-C68 -> 5933 | D70: =D12-D68 -> 7086 | E70: =E12-E68 -> 6214 | F70: =F12-F68 -> 7267 | G70: =G12-G68 -> 7620 | H70: =H12-H68 -> 6973 | I70: =I12-I68 -> 5906 | J70: =J12-J68 -> 6709 | ... O70: =O12-O68 -> 7996
A71: EMERGENCY FUNDING (REPAYMENT)
A73: CASH END OF MONTH | C73: =C70+C71 -> 5933 | D73: =D70+D71 -> 7086 | E73: =E70+E71 -> 6214 | F73: =F70+F71 -> 7267 | G73: =G70+G71 -> 7620 | H73: =H70+H71 -> 6973 | I73: =I70+I71 -> 5906 | J73: =J70+J71 -> 6709 | ... O73: =O70+O71 -> 7996
